 Dungeon Crawl Stone Soup version 0.28.0-43-g3370ac3207 (webtiles) character file.

Game seed: 13750878518578782039

94983 diana the Champion of Chaos (level 15, -4/129 HPs)
             Began as a Demonspawn Gladiator on Mar 20, 2022.
             Was the Champion of Makhleb.
             Slain by a seven-headed hydra (12 damage)
             ... on level 14 of the Dungeon.
             The game lasted 01:17:20 (36867 turns).

diana the Champion of Chaos (Demonspawn Gladiator) Turns: 36867, Time: 01:17:20

Health: -4/129     AC: 29    Str: 29    XL:     15   Next: 65%
Magic:  27/27      EV: 13    Int:  9    God:    Makhleb [******]
Gold:   1940       SH:  0    Dex: 16    Spells: 14/14 levels left

rFire   . . .      SeeInvis .   R - +1 quarterstaff (speed)
rCold   . . .      Faith    .   (shield currently unavailable)
rNeg    . . .      Spirit   .   a - +6 chain mail of Darkness {rPois Will- rCorr Str+8}
rPois   +          Reflect  .   l - +2 helmet
rElec   .          Harm     .   (cloak unavailable)
rCorr   +          Rampage  .   G - +0 pair of gloves
Will    .....                   (no boots)
Stlth   ..........              (no amulet)
HPRegen 0.31/turn               b - +4 ring of slaying
MPRegen 0.20/turn               j - +4 ring of protection

@: no status effects
A: demonic guardian 2, powered by death 1, sharp scales 3, weakness stinger 3
a: Renounce Religion, Minor Destruction, Lesser Servant of Makhleb, Major
Destruction, Greater Servant of Makhleb


You were on level 14 of the Dungeon.
You worshipped Makhleb.
Makhleb was exalted by your worship.
You visited 3 branches of the dungeon, and saw 23 of its levels.
You also visited: Sewer, Bailey, Ice Cave and Volcano.

You collected 2136 gold pieces.
You spent 196 gold pieces at shops.

Inventory:

Hand Weapons
 R - a +1 quarterstaff of speed (weapon)
Missiles
 d - 8 throwing nets (quivered)
 U - 3 silver javelins
Armour
 a - the +6 chain mail of Darkness (worn) {rPois Will- rCorr Str+8}
   (You found it on level 5 of the Lair of Beasts)

   Str:       It affects your strength (+8).
   rPois:     It protects you from poison.
   rCorr:     It protects you from acid and corrosion.
   Will:      It decreases your willpower.
 l - a +2 helmet (worn)
 G - a +0 pair of gloves (worn)
 P - +0 acid dragon scales
 W - a +3 ring mail of fire resistance
Jewellery
 b - a +4 ring of slaying (left hand)
 c - a +6 ring of intelligence
 h - a ring of see invisible
 i - a ring of fire
 j - a +4 ring of protection (right hand)
 v - an amulet of the acrobat
 M - a ring of positive energy
 S - a ring of willpower
 T - a ring of protection from cold
Wands
 y - a wand of flame (36)
 C - a wand of acid (12)
 D - a wand of mindburst (12)
 H - a wand of iceblast (17)
 K - a wand of charming (10)
Scrolls
 e - a scroll of silence
 k - 8 scrolls of enchant armour
 m - 2 scrolls of summoning
 n - 3 scrolls of fog
 p - 5 scrolls of amnesia
 q - 4 scrolls of vulnerability
 s - 10 scrolls of teleportation
 t - a scroll of magic mapping
 u - 5 scrolls of fear
 A - a scroll of brand weapon
 F - 2 scrolls of noise
 J - 4 scrolls of enchant weapon
 N - a scroll of identify
 O - 3 scrolls of holy word
Potions
 f - 2 potions of degeneration
 g - a potion of cancellation
 o - 2 potions of invisibility
 r - 2 potions of might
 w - 4 potions of attraction
 x - a potion of haste
 B - 5 potions of resistance
 E - 2 potions of flight
 I - 5 potions of brilliance
 Q - 3 potions of lignification
 V - 4 potions of magic
 X - a potion of curing
Miscellaneous
 L - a piece from Xom's chessboard (15/15)


   Skills:
 - Level 15.0 Fighting
 + Level 15.0 Staves
 - Level 1.7 Throwing
 + Level 9.8 Armour
 - Level 8.0 Dodging
 + Level 16.7 Invocations


You had 14 spell levels left.
You didn't know any spells.
Your spell library contained the following spells:

 Spells                   Type           Power      Damage    Failure   Level
 Animate Skeleton         Necr           0%         N/A       86%         1
 Apportation              Tloc           0%         N/A       86%         1
 Foxfire                  Conj/Fire      0%         2x1d4     86%         1
 Pain                     Necr           0%         1d4       86%         1
 Summon Small Mammal      Summ           0%         N/A       86%         1
 Corpse Rot               Necr/Air       0%         N/A       94%         2
 Poisonous Vapours        Pois/Air       0%         N/A       94%         2
 Call Canine Familiar     Summ           0%         N/A       99%         3
 Conjure Flame            Conj/Fire      0%         6-21      99%         3
 Gell's Gravitas          Tloc           0%         N/A       99%         3
 Ignite Poison            Fire/Tmut/Pois 0%         N/A       99%         3
 Inner Flame              Hex/Fire       0%         N/A       99%         3
 Lesser Beckoning         Tloc           0%         N/A       99%         3
 Ozocubu's Armour         Ice            0%         N/A       99%         3
 Summon Guardian Golem    Hex/Summ       0%         N/A       99%         3
 Teleport Other           Tloc           0%         N/A       99%         3
 Vampiric Draining        Necr           0%         2d6       99%         3
 Dispel Undead            Necr           0%         3d6       100%        4
 Flame Wave               Conj/Fire      0%         2d4       100%        4
 Sticky Flame             Conj/Fire      0%         2d3       100%        4
 Alistair's Intoxication  Tmut/Pois      0%         N/A       100%        5
 Death Channel            Necr           0%         N/A       100%        6
 Ozocubu's Refrigeration  Ice            0%         4d5       100%        7


Dungeon Overview and Level Annotations

Branches:
Dungeon (15/15)            Temple (0/1) D:4            Lair (6/6) D:11
 Shoals (0/4) Lair:4       Spider (0/4) Lair:3        Slime (0/5) Lair:5
    Orc (2/2) D:9             Elf (0/3) Orc:2        Depths (0/4) D:15
  Sewer (visited)          Bailey (visited)           IceCv (visited)
Volcano (visited)
 Vaults: D:13-14

Altars:
Elyvilon
Gozag
Kikubaaqudgha
Makhleb
Nemelex Xobeh
Okawaru
Ru
Sif Muna
Uskayaw
Vehumet
Wu Jian
Xom
Yredelemnul
Beogh
Jiyva
Lugonu

Shops:
D:4 *   Orc:2 =**((*

Portals:
Abyss: Lair:6


Innate Abilities, Weirdness & Mutations

A demonic guardian rushes to your aid.
You regenerate a little health from kills.
You are completely covered in razor-sharp scales. (AC +3, Slay +3)
You have a sharp stinger which inflicts weakening toxins.


Message History

* * * LOW HITPOINT WARNING * * *
The centaur warrior shoots an arrow.
The arrow hits you but does no damage.
Unknown command.
You barely miss the purple ugly thing.
The purple ugly thing is severely wounded.
The vampire mosquito bites you.
* * * LOW HITPOINT WARNING * * *
The vampire mosquito draws strength from your injuries!
The centaur warrior shoots an arrow.
The arrow hits you but does no damage. The purple ugly thing misses you.
The centaur shoots an arrow.
The arrow hits you but does no damage.
The centaur warrior unwields a +0 longbow of freezing.
The centaur warrior barely misses you. The centaur warrior closely misses you.
A centaur comes into view.
The centaur warrior shoots an arrow.
The arrow completely misses you.
The vampire mosquito bites you but does no damage.
The purple ugly thing claws you but does no damage.
The centaur warrior shoots an arrow.
The arrow hits you.
* * * LOW HITPOINT WARNING * * *
The centaur warrior barely misses you.
The centaur warrior kicks you but does no damage.
You feel better.
Your surroundings suddenly seem different.
A seven-headed hydra comes into view.
Found a club.
The seven-headed hydra roars!
Unknown command.
Unknown command.
You hear a twanging sound.
You hit the seven-headed hydra.
The seven-headed hydra is lightly wounded.
The seven-headed hydra barely misses you.
The seven-headed hydra bites you.
* * * LOW HITPOINT WARNING * * *
The seven-headed hydra bites you.
* * * LOW HITPOINT WARNING * * *
The seven-headed hydra bites you but does no damage.
The seven-headed hydra barely misses you.
The seven-headed hydra bites you!
You die...

#..........#
#........).#
#..........#
#..........+
#..........#
#..........#
#......D...#
#....@...+
#........#....#
##########....#
............c..###
#................#
#..c.!.......c...#
#..c.......c.....#
#................#
#........c.......#


You could see a seven-headed hydra.

Vanquished Creatures
  Rupert (Lair:4)
  4 hydras
  Harold (D:9)
  2 boulder beetles
  A death knight (D:13)
  3 centaur warriors (D:13)
  A catoblepas (Lair:5)
  4 two-headed ogres
  Erica (D:11)
  16 death yaks
  3 thrashing horrors (Lair:6)
  An orc high priest (Orc:1)
  Nergalle (D:11)
  2 skeletal warriors (D:12)
  A lindwurm (Volcano)
  7 ugly things
  A salamander (shapeshifter) (Lair:6)
  2 cyclopes
  13 orc sorcerers
  A manticore (D:13)
  8 elephants (Lair:5)
  A smoke demon (Lair:6)
  An ice statue (IceCv)
  4 centaur zombies
  4 black mambas
  2 unseen horrors (D:11)
  9 cane toads
  6 kobold demonologists
  12 rime drakes
  10 komodo dragons
  An efreet (D:13)
  A tengu conjurer (D:15)
  4 polar bears (IceCv)
  An ancient zyme (Lair:6)
  7 trolls
  A tarantella (shapeshifter) (Lair:6)
  Grinder (D:3)
  14 slime creatures
  10 dream sheep (Lair:5)
  A snapping turtle (Lair:4)
  15 blink frogs
  Sigmund (D:6)
  2 culicivoras (Lair:3)
  A vampire (D:13)
  A spriggan (Lair:6)
  A shadow (D:12)
  3 ynoxinuls (Lair:6)
  2 wyverns
  7 fire bats (Volcano)
  2 wraiths
  48 yaks
  6 steam dragons
  10 basilisks
  A chaos spawn (Lair:6)
  3 vampire mosquitoes (D:11)
  7 wargs
  2 acid dragons
  18 water moccasins
  A large abomination (Lair:6)
  2 sky beasts (D:6)
  24 orc warriors
  2 black bears
  2 ice beasts (D:7)
  4 necrophages
  13 wolves
  3 ogres
  5 centaurs
  2 phantoms
  14 kobold brigands
  14 bullfrogs
  Blork the orc (D:6)
  A wyvern zombie (D:8)
  A scorpion (D:6)
  9 small abominations (Lair:6)
  4 killer bees
  8 wights
  9 howler monkeys
  7 lava snakes (Volcano)
  4 hounds
  2 jellies
  12 orc priests
  2 bullfrog skeletons
  An iguana (D:4)
  A scorpion zombie (D:3)
  43 orc wizards
  4 hell rats (Lair:5)
  A killer bee zombie (D:7)
  A hound skeleton (D:3)
  A howler monkey zombie (D:8)
  A howler monkey skeleton (D:3)
  10 adders
  A river rat (D:3)
  2 white imps
  An ufetubus (D:6)
  An adder skeleton (D:3)
  3 worms
  2 dart slugs
  96 orcs
  15 ball pythons
  7 bats
  11 endoplasms
  3 giant cockroaches
  9 goblins
  13 hobgoblins
  5 jackals
  5 quokkas
  3 frilled lizards
  31 kobolds
  4 rats
  A spectral orc (D:3)
716 creatures vanquished.

Vanquished Creatures (collateral kills)
  2 slime creatures (D:12)
  A frost giant (IceCv)
  A fire dragon (Volcano)
  A hydra (Lair:5)
  A two-headed ogre (D:7)
  A manticore (D:12)
  An ugly thing (D:14)
  The ghost of NoScrollMutBadDesign the Chopper, a novice DDFi of Okawaru (D:6)
  2 molten gargoyles (Volcano)
  A rime drake (Lair:1)
  5 yaks
  A wyvern (Lair:4)
  2 vampire mosquitoes (D:11)
  A water moccasin (Lair:4)
  2 orc warriors (Bailey)
  An ice beast (D:5)
  A wolf (IceCv)
  5 kobold brigands
  A wyvern zombie (D:5)
  A small abomination (Lair:6)
  A lava snake (Volcano)
  An orc priest (Orc:2)
  A jelly (D:6)
  An orc wizard (Orc:2)
  A hell rat (Lair:5)
  5 orcs
  2 kobolds (D:6)
  A rat (D:3)
45 creatures vanquished.

Vanquished Creatures (others)
  A vampire mosquito (D:14)
  3 orc wizards (Orc:2)
  2 orcs (Orc:2)
  A bush (Lair:1)
  47 fungi
  64 plants
  5 withered plants (D:3)
123 creatures vanquished.

Grand Total: 884 creatures vanquished

Notes
Turn   | Place    | Note
-------+----------+-------------------------------------------
     0 | D:1      | diana the Demonspawn Gladiator began the quest for the Orb.
     0 | D:1      | Reached XP level 1. HP: 16/16 MP: 1/1
   377 | D:1      | Reached skill level 1 in Armour
   377 | D:1      | Gained mutation: You are partially covered in razor-sharp
                  | scales. (AC +1, Slay +1) [demonic ancestry]
   377 | D:1      | Reached XP level 2. HP: 22/22 MP: 2/2
  1005 | D:2      | Found a faded altar of an unknown god.
  1197 | D:2      | Reached XP level 3. HP: 28/28 MP: 3/3
  2172 | D:3      | Gained mutation: You are mostly covered in razor-sharp
                  | scales. (AC +2, Slay +2) [demonic ancestry]
  2172 | D:3      | Reached XP level 4. HP: 34/34 MP: 4/4
  2193 | D:3      | Found a shimmering altar of Xom.
  2240 | D:3      | Found a burning altar of Makhleb.
  2241 | D:3      | Found a sacrificial altar of Ru.
  2243 | D:3      | Found an opulent altar of Gozag.
  2244 | D:3      | Found a hide-covered altar of Uskayaw.
  2256 | D:3      | Became a worshipper of Makhleb the Destroyer
  2270 | D:3      | Found a glowing drain.
  2293 | Sewer    | Entered a sewer
  3129 | D:3      | Noticed Grinder
  3132 | D:3      | Paralysed by Grinder for 3 turns
  3459 | D:3      | Gained mutation: A weak demonic guardian rushes to your
                  | aid. [demonic ancestry]
  3459 | D:3      | Reached XP level 5. HP: 20/41 MP: 5/5
  4138 | D:3      | Noticed a phantom
  4488 | D:2      | Reached XP level 6. HP: 8/48 MP: 6/6
  5043 | D:3      | Reached * piety under Makhleb
  5044 | D:3      | Reached skill level 5 in Staves
  5212 | D:3      | Found a basalt altar of Yredelemnul.
  5622 | D:4      | Reached skill level 1 in Invocations
  5703 | D:4      | Found Kienok's Elemental Accessories.
  5804 | D:4      | Found a staircase to the Ecumenical Temple.
  6372 | D:4      | Gained mutation: You have a small tail. [demonic ancestry]
  6372 | D:4      | Reached XP level 7. HP: 48/54 MP: 8/8
  6757 | D:5      | Entered Level 5 of the Dungeon
  6883 | D:5      | Reached skill level 2 in Invocations
  7567 | D:5      | Noticed a steam dragon
  7972 | D:6      | Reached skill level 3 in Invocations
  8027 | D:6      | Reached skill level 5 in Fighting
  8040 | D:6      | Gained mutation: You regenerate a little health from kills.
                  | [demonic ancestry]
  8040 | D:6      | Reached XP level 8. HP: 51/62 MP: 10/10
  8147 | D:6      | Reached skill level 4 in Invocations
  8351 | D:6      | Noticed Sigmund
  8374 | D:6      | Killed Sigmund
  8880 | D:6      | Noticed Blork the orc
  9005 | D:5      | Reached skill level 5 in Invocations
  9201 | D:3      | Paralysed by Grinder for 5 turns
  9472 | D:3      | Killed Grinder
  9766 | D:6      | Killed Blork the orc
 10134 | D:6      | Reached ** piety under Makhleb
 10149 | D:6      | Reached skill level 6 in Invocations
 10149 | D:6      | Gained mutation: You are completely covered in razor-sharp
                  | scales. (AC +3, Slay +3) [demonic ancestry]
 10149 | D:6      | Reached XP level 9. HP: 50/69 MP: 13/13
 10233 | D:7      | Noticed a two-headed ogre
 10566 | D:7      | Noticed a troll
 11007 | D:7      | Found a radiant altar of Vehumet.
 11014 | D:7      | Found a runed translucent gate.
 11108 | D:7      | Noticed a kobold demonologist
 11125 | D:7      | HP: 3/71 [two-headed ogre/+0 giant spiked club (12)]
 11126 | D:7      | Killed a two-headed ogre
 11127 | D:7      | Reached skill level 7 in Invocations
 11388 | D:7      | Found a runed translucent gate.
 11388 | D:7      | Found a runed translucent gate.
 11389 | D:7      | Noticed NoScrollMutBadDesign's ghost (novice DDFi)
 12092 | D:7      | Reached skill level 8 in Invocations
 12110 | D:7      | Found an iron altar of Okawaru.
 12617 | D:8      | Found a shimmering blue altar of Sif Muna.
 12655 | D:8      | Noticed a two-headed ogre
 12728 | D:8      | HP: 1/72 [killer bee (5)]
 12747 | D:7      | Gained mutation: You have a tail ending in a sharp stinger.
                  | [demonic ancestry]
 12747 | D:7      | Reached XP level 10. HP: 19/79 MP: 16/16
 13944 | D:9      | Found an ancient bone altar of Kikubaaqudgha.
 14003 | D:9      | Reached skill level 10 in Staves
 14352 | D:9      | Found a staircase to the Orcish Mines.
 14790 | D:9      | Reached skill level 9 in Invocations
 14872 | D:9      | Noticed an orange demon
 15002 | D:9      | Reached *** piety under Makhleb
 15331 | D:9      | Noticed a two-headed ogre
 15383 | D:8      | Found a sparkling altar of Nemelex Xobeh.
 16389 | D:9      | Noticed a cyclops
 16612 | D:9      | Killed a cyclops
 16613 | D:9      | Reached skill level 10 in Invocations
 17016 | D:9      | Killed a two-headed ogre
 17017 | D:9      | Gained mutation: A demonic guardian rushes to your aid.
                  | [demonic ancestry]
 17017 | D:9      | Reached XP level 11. HP: 70/89 MP: 18/18
 17031 | D:9      | Noticed Harold
 17044 | D:9      | Killed Harold
 17275 | D:10     | Entered Level 10 of the Dungeon
 17344 | D:10     | Found a flagged portal.
 17369 | Bailey   | Entered a bailey
 18660 | Bailey   | Noticed an orc knight
 18660 | Bailey   | Noticed an orc knight
 18660 | Bailey   | Noticed an orc knight
 19199 | D:10     | Reached skill level 11 in Invocations
 19795 | D:6      | Killed NoScrollMutBadDesign's ghost
 20752 | D:7      | Reached skill level 5 in Armour
 20907 | D:11     | Noticed Nergalle
 21028 | D:11     | Reached skill level 5 in Dodging
 21194 | D:11     | Noticed a brown ugly thing
 21249 | D:11     | Reached skill level 10 in Fighting
 21775 | D:11     | Noticed Erica
 21902 | D:11     | Killed Nergalle
 21903 | D:11     | Reached skill level 12 in Invocations
 22065 | D:11     | Found a staircase to the Lair.
 22105 | D:11     | Gained mutation: You have a sharp stinger which inflicts
                  | weakening toxins. [demonic ancestry]
 22105 | D:11     | Reached XP level 12. HP: 97/97 MP: 21/21
 22196 | D:11     | Killed a two-headed ogre
 22359 | D:11     | Killed Erica
 22521 | D:12     | Reached **** piety under Makhleb
 22702 | D:12     | Identified the +3 hand axe of Grandeur {venom, *Corrode Fly
                  | rN+ Str+5}
 23144 | Lair:1   | Entered Level 1 of the Lair of Beasts
 23473 | Lair:1   | Noticed a death yak
 23473 | Lair:1   | Noticed a death yak
 23473 | Lair:1   | Noticed a death yak
 23501 | Lair:1   | Killed a death yak
 23520 | Lair:1   | Killed a death yak
 23601 | Lair:1   | Noticed a death yak
 23601 | Lair:1   | Noticed a death yak
 23602 | Lair:1   | Noticed a death yak
 23692 | D:11     | Killed a death yak
 23744 | Lair:1   | Killed a death yak
 24140 | Lair:1   | Killed a death yak
 24149 | Lair:1   | Killed a death yak
 24150 | Lair:1   | Reached XP level 13. HP: 95/103 MP: 22/22
 25390 | Lair:2   | Reached skill level 13 in Invocations
 25679 | Lair:3   | Found a hole to the Spider Nest.
 26940 | Lair:4   | Found a dark tunnel.
 26948 | Volcano  | Entered a volcano
 27547 | Volcano  | Found a bloodstained altar of Trog.
 27562 | Volcano  | Reached ***** piety under Makhleb
 27584 | Volcano  | Noticed a fire dragon
 27597 | Volcano  | Killed a fire dragon
 28042 | Lair:4   | Reached skill level 14 in Invocations
 28084 | Lair:4   | Noticed Rupert
 28096 | Lair:4   | Killed Rupert
 28461 | Lair:4   | Found a staircase to the Shoals.
 28926 | Lair:5   | Identified the +6 chain mail of Darkness {rPois Will- rCorr
                  | Str+8}
 29082 | Lair:5   | Found a frozen archway.
 29092 | Lair:5   | Reached skill level 15 in Invocations
 29106 | Lair:5   | Reached XP level 14. HP: 115/116 MP: 25/25
 29111 | IceCv    | Entered an ice cave
 29829 | IceCv    | Noticed a frost giant
 29857 | IceCv    | Killed a frost giant
 31314 | D:13     | Reached skill level 15 in Fighting
 31501 | Orc:1    | Entered Level 1 of the Orcish Mines
 31734 | Orc:1    | Reached ****** piety under Makhleb
 32081 | Orc:2    | Entered Level 2 of the Orcish Mines
 32128 | Orc:2    | Found a staircase to the Elven Halls.
 32234 | Orc:2    | Found Botum's Jewellery Emporium.
 32234 | Orc:2    | Found Mucliam's General Store.
 32234 | Orc:2    | Paralysed by an orc sorcerer for 5 turns
 32287 | Orc:2    | Bought a scroll of identify for 20 gold pieces
 32346 | Orc:2    | Found Caor's General Store.
 32348 | Orc:2    | Paralysed by an orc sorcerer for 2 turns
 32364 | Orc:2    | Bought a scroll of fear for 56 gold pieces
 32364 | Orc:2    | Bought a scroll of enchant armour for 120 gold pieces
 32369 | Orc:2    | Found Paklown's Weapon Shop.
 32442 | Orc:2    | Found Zeoxkehe's Weapon Shoppe.
 32811 | Orc:2    | Found Nados's Assorted Antiques.
 33474 | Lair:5   | Reached XP level 15. HP: 124/129 MP: 26/26
 33926 | Lair:5   | Found a viscous altar of Jiyva.
 33927 | Lair:5   | Found a staircase to the Slime Pits.
 33979 | Lair:6   | Entered Level 6 of the Lair of Beasts
 34555 | Lair:5   | Reached skill level 16 in Invocations
 34637 | Lair:6   | Found an ornate altar of the Wu Jian Council.
 34654 | Lair:6   | Found a hide-covered altar of Uskayaw.
 35100 | Lair:6   | Found a corrupted altar of Lugonu.
 35100 | Lair:6   | Found a one-way gate to the infinite horrors of the Abyss.
 36765 | D:13     | You fall into a shaft and drop 2 floors!
 36765 | D:15     | Entered Level 15 of the Dungeon
 36836 | D:14     | Reached skill level 15 in Staves
 36846 | D:14     | HP: 6/129 [centaur warrior/arrow (13)]
 36847 | D:14     | HP: 2/129 [centaur warrior/arrow (7)]
 36867 | D:14     | Slain by a seven-headed hydra

Illustrated notes

Levels and vault maps discovered:
D:1:      shiori_arrival_oz, layout_loops_corners, minmay_misc_feat_iff,
          st_stairs_3, grunt_decor_fettered
D:2:      layout_loops_ring, hellmonk_ecumenical_altar_arch_garden
D:3:      layout_loops_corners, yredelemnul_forgotten_temple_becter, minitemple,
          serial_undead, serial_undead_c, serial_undead_c, serial_undead_b,
          serial_undead_a, serial_undead_e, portal_sewer_entry_a,
          minmay_divided_ellipse, uniq_grinder
D:4:      layout_loops_corners, minmay_temple_entry_waves,
          minmay_misc_feat_ornament, nicolae_elemental_shop
D:5:      layout_gridville, hex_tiny
D:6:      layout_basic, minmay_misc_feat_four_crosses, uniq_blork_the_orc,
          uniq_sigmund
D:7:      layout_rooms, okawaru_ov_weapons_minmay, kennysheep_little_box,
          gammafunk_ghost_nasty_kobolds
D:8:      layout_basic, nemelex_altar_shiori, old_standard_altar,
          minmay_quadrilaterals
D:9:      layout_loops_ring, lemuel_tele_altar, minmay_orc_entry_temple_small,
          amcnicky_mini_corridor_feature, uniq_harold
D:10:     layout_rooms, enter_bailey_3
D:11:     layout_irregular_city, due_lair_maze_entry_diamond, uniq_erica,
          uniq_nergalle
D:12:     layout_rooms
D:13:     layout_basic
D:14:     layout_irregular_city, grunt_vaults_entry_tiered,
          nicolae_qazlal_eye_of_the_storm, serial_shops, nicolae_stop_n_shop_2,
          ashenzari_conservatory_becter, uniq_kirke
D:15:     gammafunk_depths_entry_grave, layout_stronghold, minivault_19,
          door_vault, uniq_jorgrun
Lair:1:   layout_big_grid
Lair:2:   layout_small_grid, guppyfry_lair_drakes
Lair:3:   layout_cellular_growth, hellmonk_spider_entry_life_and_decay
Lair:4:   layout_cave_shapes, minmay_shoals_entry_hut, enter_volcano_2,
          uniq_rupert
Lair:5:   layout_concentric_octagons, dpeg_slime_entry_enclosed_altar,
          portal_ice_cave_rime, grunt_megastairs_4
Lair:6:   hellmonk_lair_end_abyssal_woods, layout_gridlike,
          nzn_masters_of_martial_movement
Orc:1:    layout_diamond_mine, guppyfry_library_mini
Orc:2:    st_orc_town, layout_diamond_mine, serial_shops, shop_fountains, shop

Skill      XL: |  1  2  3  4  5  6  7  8  9 10 11 12 13 14 15 |
---------------+----------------------------------------------+-----
Armour         | 1 2 3 5 6 8 9 |  9.8
Staves         | 3 4 5 6 8 9 11 14 15 | 15.0
Fighting       | 3 4 5 6 7 9 10 12 15 | 15.0
Invocations    | 1 3 6 8 10 12 15 16 | 16.7
Dodging        | 3 5 6 8 |  8.0
Throwing       | |  1.7

Action                   |  1- 3 |  4- 6 |  7- 9 | 10-12 | 13-15 || total
-------------------------+-------+-------+-------+-------+-------++-------
Melee: Quarterstaff      |    96 |   277 |   262 |   876 |  1408 ||  2919
       Tailslap          |       |       |    40 |   174 |   299 ||   513
Invok: Minor Destruction |       |       |    11 |     1 |     4 ||    16
       Lesser Servant of |       |       |       |     8 |     5 ||    13
       Major Destruction |       |       |       |       |     3 ||     3
       Greater Servant o |       |       |       |       |     3 ||     3
Evoke: Wand              |       |       |     3 |       |       ||     3
  Use: Potion            |       |     3 |     6 |     3 |     8 ||    20
       Scroll            |       |     1 |     7 |     6 |    20 ||    34
 Stab: Sleeping          |     1 |     1 |       |     1 |       ||     3
       Distracted        |       |       |       |     3 |     3 ||     6
       Petrified         |       |       |       |       |    11 ||    11
Armor: Leather armour    |    36 |    89 |    86 |   194 |       ||   405
       Troll leather arm |       |       |       |    55 |       ||    55
       Acid dragon scale |       |       |       |    38 |   116 ||   154
       Chain mail        |       |       |       |       |   656 ||   656
       Ring mail         |       |       |       |       |    19 ||    19
       Fire dragon scale |       |       |       |       |     2 ||     2
Dodge: Dodged            |    72 |   191 |   178 |   468 |   640 ||  1549
